 Dungeon Crawl Stone Soup version 0.29.1-2-gbd0b4ee654 (webtiles) character file.

Game seed: 3606942620280026197

448 qeuew the Sneak (level 6, -2/28 HPs)
             Began as a Spriggan Enchanter on Nov 11, 2022.
             Slain by an orc warrior
             ... wielding a +0 dire flail
              (19 damage)
             ... on level 4 of the Dungeon.
             The game lasted 00:07:49 (5321 turns).

qeuew the Sneak (Spriggan Enchanter)                Turns: 5321, Time: 00:07:50

Health: -2/28      AC:  3    Str:  4    XL:     6   Next: 73%
Magic:  10/13      EV: 19    Int: 17    God:
Gold:   187        SH:  5    Dex: 17    Spells: 12/14 levels left

rFire   . . .      SeeInvis +   a - +2 dagger
rCold   . . .      Faith    .   (no shield)
rNeg    . . .      Spirit   .   b - +0 robe
rPois   .          Reflect  +   j - +1 hat
rElec   .          Harm     .   (no cloak)
rCorr   .          Rampage  .   (gloves unavailable)
Will    +....                   (boots unavailable)
Stlth   +++.......              h - amulet of reflection
HPRegen 0.09/turn               (no ring)
MPRegen 0.13/turn               (no ring)

@: studying Long Blades, very quick
A: very small, no large weapons, unfitting armour, see invisible, speed 3
a: no special abilities


You were on level 4 of the Dungeon.
You visited 1 branch of the dungeon, and saw 4 of its levels.

You collected 187 gold pieces.

Inventory:

Hand Weapons
 a - a +2 dagger (weapon)
Armour
 b - a +0 robe (worn)
 j - a +1 hat (worn)
Jewellery
 h - an amulet of reflection (around neck)
Wands
 e - a wand of iceblast (9)
 m - a wand of flame (9)
 n - a wand of light (8)
Scrolls
 d - a scroll of brand weapon {unknown}
 i - a scroll of fear
 k - a scroll of noise {unknown}
 l - a scroll of enchant weapon
Potions
 c - 2 potions of invisibility
 f - 2 potions of flight
 g - 2 potions of curing


   Skills:
 + Level 3.5 Short Blades
 + Level 4.9 Dodging
 + Level 6.6 Stealth
 + Level 4.5 Spellcasting
 + Level 5.1 Hexes


You had 12 spell levels left.
You knew the following spells:

 Your Spells              Type           Power      Damage    Failure   Level
a - Ensorcelled Hibernat  Hex/Ice        24%        N/A       8%          2

Your spell library contained the following spells:

 Spells                   Type           Power      Damage    Failure   Level
 Confusing Touch          Hex            21%        N/A       5%          3
 Tukima's Dance           Hex            21%        N/A       5%          3
 Dazzling Flash           Conj/Hex       24%        N/A       16%         3


Dungeon Overview and Level Annotations

Branches:
Dungeon (4/15)
 Temple: D:4-7

Altars:
Ashenzari


Innate Abilities, Weirdness & Mutations

You are very small and have problems with some larger weapons.
You are too small for most types of armour.
You have supernaturally acute eyesight. (SInv)
You cover ground extremely quickly. (Speed+++)


Message History

You kill the ogre!
Things that are here:
a +0 giant spiked club; an ogre corpse An orc warrior is nearby!
The orc shouts!
The orc priest shouts!
You miscast Ensorcelled Hibernation.
You are very lightly contaminated with residual magic.
Nothing appears to happen.
The orc warrior shouts!
The orc warrior looks drowsy...
The helpless orc warrior fails to defend itself.
You impale the orc warrior!!
The orc warrior is almost dead.
The orc priest calls upon Beogh to heal the orc warrior.
The orc warrior is healed somewhat.
The orc warrior hits you with a +0 dire flail.
You barely miss the orc warrior.
The orc warrior is severely wounded.
The orc warrior barely misses you.
The orc priest looks braver for a moment.
You hit the orc warrior but do no damage.
The orc warrior is severely wounded.
You hit the orc warrior but do no damage.
The orc warrior is severely wounded.
The orc warrior hits you with a +0 dire flail!
Your magical contamination has completely faded away.
You hit the orc warrior.
The orc warrior is severely wounded.
The orc warrior barely misses you.
You barely miss the orc warrior.
The orc warrior is severely wounded.
The orc warrior closely misses you.
You barely miss the orc warrior.
The orc warrior is severely wounded.
The orc warrior closely misses you.
You hit the orc warrior.
The orc warrior is almost dead.
The orc warrior hits you with a +0 dire flail!!
Ouch! That really hurt!
You die...

. ..##.......# #.
.K.........# #.
###........#
#....#..##....#
#.#.#o.##....#
#..o.........#
#o######รท### #########
#o######.# ###.......#
#@#.#....###.#
..#.#####.#
#..#..#......#
#.#.......###
#)###....#####
#.#.##....>.# ##.#.###.#
.......##.#.######.###..#
# #.#....^)...(..#
#####.## .#
#.#.##.#..#..#.# #...# #.
..#.......#..#.# #...####
#. ######.#.....#.#
#...##.## #.


You could see an orc warrior, an orc priest and an orc.

Vanquished Creatures
  An ogre (D:4)
  A scorpion (D:4)
  2 orc priests
  A hound (D:4)
  An orc wizard (D:4)
  3 gnolls (D:3)
  3 adders
  3 dart slugs
  10 orcs
  7 endoplasms
  12 giant cockroaches
  5 goblins
  6 hobgoblins
  11 jackals
  9 quokkas
  3 ball pythons (D:1)
  7 bats
  5 frilled lizards
  9 kobolds
  8 rats
107 creatures vanquished.

Notes
Turn   | Place    | Note
-------+----------+-------------------------------------------
     0 | D:1      | qeuew the Spriggan Enchanter began the quest for the Orb.
     0 | D:1      | Reached XP level 1. HP: 9/9 MP: 5/5
   374 | D:1      | Reached XP level 2. HP: 10/13 MP: 6/6
   377 | D:1      | Learned a level 2 spell: Ensorcelled Hibernation
  1152 | D:1      | Reached XP level 3. HP: 4/16 MP: 5/8
  1452 | D:1      | Reached skill level 5 in Stealth
  2319 | D:2      | Reached XP level 4. HP: 14/21 MP: 10/10
  2842 | D:3      | Found a broken altar of Ashenzari.
  3429 | D:3      | Reached XP level 5. HP: 19/24 MP: 2/11
  4567 | D:4      | Reached skill level 6 in Stealth
  4870 | D:4      | Noticed an orc warrior
  4998 | D:4      | Reached XP level 6. HP: 28/28 MP: 8/13
  5136 | D:4      | Reached skill level 5 in Hexes
  5321 | D:4      | Slain by an orc warrior

Illustrated notes

Levels and vault maps discovered:
D:1:      onia_arrival_mini_maze_b, layout_rooms, serial_forest,
          infiniplex_forest_corner_2, infiniplex_forest_lined_2,
          infiniplex_forest_lined_room_, infiniplex_forest_straight_3,
          infiniplex_forest_3_way, infiniplex_forest_straight_2,
          infiniplex_forest_lined_1, infiniplex_forest_lined_4_way
D:2:      layout_loops_cross
D:3:      layout_basic, cheibrodos_ashenzari_chains
D:4:      layout_loops_cross

Skill      XL: |  1  2  3  4  5  6 |
---------------+-------------------+-----
Dodging        | 3 4 |  4.9
Spellcasting   | 3 4 |  4.5
Hexes          | 4 5 |  5.1
Stealth        | 5 6 |  6.6
Short Blades   | 2 3 |  3.5

Action                   |  1- 3 |  4- 6 || total
-------------------------+-------+-------++-------
Melee: Dagger            |   144 |   192 ||   336
       Punch             |     2 |     2 ||     4
 Cast: Ensorcelled Hiber |    11 |    21 ||    32
  Use: Scroll            |     5 |     4 ||     9
 Stab: Sleeping          |    18 |    25 ||    43
       Distracted        |     1 |     3 ||     4
Armor: Robe              |    21 |    13 ||    34
Dodge: Dodged            |   135 |   139 ||   274
Block: Other             |       |    29 ||    29
